[ PARTIDA AOE2 · #505658785 ]
UnrankedJemeres vs Portuguese
Equipo del jugador · VICT
Equipo rival · DERR
[ ANÁLISIS DE REPETICIÓN · EXTRAÍDO DE LA PARTIDA GRABADA ]
Feudal
—
Castillos
—
Imperial
—
| APM promedio | 58.7 |
| APM pico | 108 |
| eAPM promedio | 20.5 |
| Aldeanos / militares | 61 / 56 |
Foco
⚔️ 30.8% · 🌾 69.2%
Spearman ×21 · Scout Cavalry ×13 · Skirmisher ×10 · Battle Elephant ×7 · Mangonel ×3 · Monk ×2
Feudal
—
Castillos
—
Imperial
—
| APM promedio | 27.6 |
| APM pico | 73 |
| eAPM promedio | 15.4 |
| Aldeanos / militares | 63 / 34 |
Foco
⚔️ 35.2% · 🌾 64.8%
Knight ×15 · Spearman ×11 · Monk ×6 · Scout Cavalry ×2
Mapa de la partida
Recursos iniciales + cada clic de construcción. Líneas = muros · curvas = relieve. ◆ oro · ⬟ piedra · ● bayas · ✦ reliquia · ◌ hueco del cierre
Tu base· ✓ Cerrada en 19:47 · 48t muro · 2 puerta(s)
Base de LRNI_Thegar· Abierta — flanco sin cerrar
Terreno inicial suavizado · ◌ = hueco del cierre detectado · pasá el cursor para detalles
Inputs por minuto
— ManyKitten76428 - - LRNI_Thegar
Build order — ManyKitten76428
Primeras 150 de 193 acciones detectadas
| 0:01 | Encolar | Villager (Male) |
| 0:02 | Encolar | Villager (Male) |
| 0:02 | Encolar | Villager (Male) |
| 0:06 | Construir | House |
| 0:12 | Construir | House |
| 0:31 | Encolar | Villager (Male) |
| 0:31 | Encolar | Villager (Male) |
| 1:20 | Encolar | Villager (Male) |
| 1:21 | Encolar | Villager (Male) |
| 1:59 | Encolar | Villager (Male) |
| 1:59 | Encolar | Villager (Male) |
| 2:21 | Encolar | Villager (Male) |
| 2:21 | Encolar | Villager (Male) |
| 2:23 | Construir | Lumber Camp |
| 2:34 | Encolar | Villager (Male) |
| 2:34 | Encolar | Villager (Male) |
| 2:34 | Encolar | Villager (Male) |
| 2:57 | Encolar | Villager (Male) |
| 2:58 | Encolar | Villager (Male) |
| 3:30 | Encolar | Villager (Male) |
| 3:30 | Encolar | Villager (Male) |
| 3:48 | Encolar | Villager (Male) |
| 3:48 | Encolar | Villager (Male) |
| 3:56 | Construir | House |
| 3:58 | Construir | House |
| 4:03 | Construir | Palisade Wall |
| 4:10 | Encolar | Villager (Male) |
| 4:10 | Encolar | Villager (Male) |
| 4:10 | Encolar | Villager (Male) |
| 4:50 | Encolar | Villager (Male) |
| 4:50 | Encolar | Villager (Male) |
| 5:45 | Construir | Palisade Wall |
| 6:14 | Investigar | Loom |
| 6:22 | Construir | Palisade Wall |
| 6:53 | Construir | House |
| 6:55 | Investigar | Feudal Age |
| 7:28 | Construir | Palisade Wall |
| 7:46 | Encolar | Villager (Male) |
| 7:46 | Encolar | Villager (Male) |
| 7:54 | Construir | Palisade Wall |
| 8:37 | Construir | Mill |
| 8:47 | Construir | Palisade Wall |
| 8:52 | Construir | Palisade Wall |
| 9:24 | Construir | Stable |
| 9:34 | Encolar | Villager (Male) |
| 9:44 | Construir | Farm |
| 9:51 | Construir | Farm |
| 10:20 | Encolar | Scout Cavalry |
| 10:20 | Encolar | Scout Cavalry |
| 10:22 | Encolar | Villager (Male) |
| 10:32 | Construir | Blacksmith |
| 10:33 | Construir | House |
| 10:39 | Encolar | Villager (Male) |
| 10:57 | Construir | House |
| 11:05 | Investigar | Double-Bit Axe |
| 11:05 | Investigar | Double-Bit Axe |
| 11:10 | Encolar | Villager (Male) |
| 11:10 | Encolar | Villager (Male) |
| 11:14 | Construir | Farm |
| 11:27 | Construir | Palisade Wall |
| 11:43 | Encolar | Villager (Male) |
| 11:45 | Construir | Farm |
| 11:48 | Construir | Farm |
| 11:55 | Construir | Farm |
| 12:00 | Encolar | Villager (Male) |
| 12:02 | Encolar | Scout Cavalry |
| 12:16 | Encolar | Villager (Male) |
| 12:21 | Construir | Farm |
| 12:34 | Encolar | Villager (Male) |
| 12:39 | Construir | Farm |
| 12:57 | Construir | Farm |
| 13:03 | Construir | Farm |
| 13:08 | Construir | Mining Camp |
| 13:12 | Encolar | Villager (Male) |
| 13:18 | Encolar | Villager (Male) |
| 13:28 | Construir | Farm |
| 13:32 | Construir | Farm |
| 13:41 | Encolar | Villager (Male) |
| 13:55 | Investigar | Scale Barding Armor |
| 14:32 | Encolar | Villager (Male) |
| 14:40 | Construir | Farm |
| 14:43 | Construir | Farm |
| 15:13 | Encolar | Villager (Male) |
| 15:13 | Encolar | Villager (Male) |
| 15:13 | Encolar | Villager (Male) |
| 15:26 | Construir | Archery Range |
| 15:42 | Encolar | Scout Cavalry |
| 15:42 | Encolar | Scout Cavalry |
| 15:42 | Encolar | Scout Cavalry |
| 15:47 | Encolar | Villager (Male) |
| 16:03 | Encolar | Villager (Male) |
| 16:06 | Construir | Farm |
| 16:08 | Construir | Farm |
| 16:21 | Construir | House |
| 16:22 | Construir | House |
| 16:50 | Encolar | Skirmisher |
| 16:50 | Encolar | Skirmisher |
| 16:50 | Encolar | Skirmisher |
| 16:50 | Encolar | Skirmisher |
| 16:51 | Encolar | Skirmisher |
| 16:52 | Encolar | Skirmisher |
| 16:59 | Encolar | Villager (Male) |
| 17:02 | Investigar | Forging |
| 17:08 | Construir | Farm |
| 17:18 | Construir | Palisade Gate |
| 17:29 | Construir | Palisade Gate |
| 17:49 | Encolar | Villager (Male) |
| 17:58 | Construir | Mining Camp |
| 18:01 | Encolar | Villager (Male) |
| 18:01 | Encolar | Villager (Male) |
| 18:21 | Construir | Farm |
| 18:31 | Investigar | Fletching |
| 18:31 | Investigar | Padded Archer Armor |
| 18:42 | Construir | House |
| 18:48 | Construir | House |
| 19:47 | Investigar | Castle Age |
| 19:47 | Investigar | Castle Age |
| 20:20 | Encolar | Skirmisher |
| 20:20 | Encolar | Skirmisher |
| 20:21 | Encolar | Skirmisher |
| 20:21 | Encolar | Skirmisher |
| 20:43 | Construir | House |
| 20:55 | Construir | Barracks |
| 20:58 | Construir | Farm |
| 21:00 | Construir | Farm |
| 22:04 | Investigar | Bloodlines |
| 22:14 | Construir | Stable |
| 22:16 | Encolar | Spearman |
| 22:16 | Encolar | Spearman |
| 22:16 | Encolar | Spearman |
| 22:17 | Encolar | Spearman |
| 22:18 | Investigar | Scale Mail Armor |
| 22:22 | Encolar | Villager (Male) |
| 22:22 | Encolar | Villager (Male) |
| 22:22 | Encolar | Villager (Male) |
| 22:43 | Investigar | Chain Barding Armor |
| 22:51 | Construir | Monastery |
| 22:55 | Encolar | Villager (Male) |
| 23:32 | Encolar | Battle Elephant |
| 23:32 | Encolar | Battle Elephant |
| 23:33 | Encolar | Battle Elephant |
| 23:36 | Encolar | Battle Elephant |
| 23:37 | Encolar | Battle Elephant |
| 24:28 | Encolar | Monk |
| 24:28 | Encolar | Monk |
| 24:40 | Investigar | Pikeman (upgrade) |
| 24:41 | Encolar | Spearman |
| 24:41 | Encolar | Spearman |
| 24:41 | Encolar | Spearman |
| 24:41 | Encolar | Spearman |
Build order — LRNI_Thegar
Primeras 150 de 157 acciones detectadas
| 0:01 | Encolar | Villager (Male) ×4 |
| 0:03 | Construir | House |
| 0:04 | Construir | House |
| 1:32 | Encolar | Villager (Male) |
| 1:54 | Construir | Lumber Camp |
| 2:09 | Encolar | Villager (Male) |
| 2:09 | Encolar | Villager (Male) |
| 2:25 | Encolar | Villager (Male) |
| 2:26 | Encolar | Villager (Male) |
| 2:26 | Encolar | Villager (Male) |
| 2:43 | Encolar | Villager (Male) |
| 2:43 | Encolar | Villager (Male) |
| 3:08 | Construir | House |
| 3:11 | Construir | House |
| 3:16 | Encolar | Villager (Male) |
| 3:30 | Encolar | Villager (Male) |
| 3:30 | Encolar | Villager (Male) |
| 4:35 | Encolar | Villager (Male) |
| 4:36 | Encolar | Villager (Male) |
| 4:57 | Construir | Mill |
| 4:59 | Encolar | Villager (Male) |
| 4:59 | Encolar | Villager (Male) |
| 4:59 | Encolar | Villager (Male) |
| 5:25 | Encolar | Villager (Male) |
| 5:26 | Encolar | Villager (Male) |
| 5:26 | Encolar | Villager (Male) |
| 6:10 | Encolar | Villager (Male) |
| 6:10 | Encolar | Villager (Male) |
| 6:10 | Encolar | Villager (Male) |
| 6:11 | Encolar | Villager (Male) |
| 6:11 | Encolar | Villager (Male) |
| 6:54 | Encolar | Villager (Male) |
| 6:58 | Encolar | Villager (Male) |
| 6:58 | Encolar | Villager (Male) |
| 6:59 | Encolar | Villager (Male) |
| 6:59 | Encolar | Villager (Male) |
| 7:33 | Encolar | Villager (Male) |
| 7:42 | Investigar | Loom |
| 8:16 | Encolar | Villager (Male) |
| 8:21 | Investigar | Feudal Age |
| 10:14 | Encolar | Villager (Male) |
| 10:32 | Encolar | Villager (Male) |
| 10:43 | Construir | Barracks |
| 10:50 | Encolar | Villager (Male) |
| 11:06 | Construir | House |
| 11:49 | Construir | Farm |
| 11:49 | Construir | Farm |
| 11:50 | Construir | Farm |
| 11:50 | Construir | Farm |
| 11:50 | Construir | Farm |
| 11:51 | Construir | Farm |
| 11:51 | Construir | Farm |
| 11:51 | Construir | Farm |
| 11:51 | Construir | Farm |
| 11:51 | Construir | Farm |
| 11:52 | Construir | Farm |
| 11:52 | Construir | Farm |
| 11:52 | Construir | Farm |
| 11:52 | Construir | Farm |
| 11:59 | Construir | House |
| 12:03 | Encolar | Villager (Male) |
| 12:09 | Encolar | Villager (Male) |
| 12:18 | Investigar | Double-Bit Axe |
| 12:28 | Encolar | Villager (Male) |
| 12:34 | Construir | Mining Camp |
| 12:52 | Encolar | Villager (Male) |
| 12:52 | Encolar | Villager (Male) |
| 12:52 | Encolar | Villager (Male) |
| 13:43 | Encolar | Villager (Male) |
| 13:44 | Encolar | Villager (Male) |
| 13:45 | Investigar | Wheelbarrow |
| 13:56 | Construir | Stable |
| 14:25 | Construir | Farm |
| 14:45 | Construir | Blacksmith |
| 14:53 | Construir | House |
| 14:56 | Construir | House |
| 14:59 | Construir | House |
| 15:01 | Construir | House |
| 15:23 | Encolar | Spearman |
| 15:23 | Encolar | Spearman |
| 15:23 | Encolar | Spearman |
| 16:17 | Encolar | Spearman |
| 16:48 | Encolar | Spearman |
| 16:49 | Encolar | Villager (Male) |
| 16:58 | Construir | House |
| 16:58 | Construir | House |
| 17:17 | Encolar | Villager (Male) |
| 17:35 | Investigar | Castle Age |
| 18:02 | Construir | Mining Camp |
| 18:28 | Construir | House |
| 18:47 | Investigar | Gold Mining |
| 18:52 | Investigar | Stone Mining |
| 19:01 | Encolar | Scout Cavalry |
| 19:02 | Encolar | Scout Cavalry |
| 19:22 | Construir | Watch Tower |
| 19:36 | Investigar | Bloodlines |
| 20:28 | Encolar | Knight |
| 20:28 | Encolar | Knight |
| 20:56 | Investigar | Scale Barding Armor |
| 21:24 | Encolar | Knight |
| 21:34 | Encolar | Knight |
| 21:38 | Encolar | Villager (Male) |
| 22:01 | Construir | Stable |
| 22:20 | Encolar | Villager (Male) |
| 22:20 | Encolar | Villager (Male) |
| 22:21 | Encolar | Villager (Male) |
| 22:21 | Encolar | Villager (Male) |
| 22:48 | Encolar | Knight |
| 22:55 | Construir | Mining Camp |
| 23:18 | Encolar | Knight |
| 23:35 | Encolar | Knight |
| 24:27 | Construir | Monastery |
| 24:45 | Encolar | Knight ×2 |
| 24:53 | Encolar | Monk |
| 24:57 | Encolar | Monk |
| 24:57 | Encolar | Monk |
| 25:03 | Encolar | Villager (Male) |
| 25:03 | Encolar | Villager (Male) |
| 25:04 | Encolar | Villager (Male) |
| 25:32 | Encolar | Knight |
| 25:32 | Encolar | Knight |
| 25:32 | Encolar | Knight |
| 26:16 | Encolar | Knight ×3 |
| 26:26 | Construir | Farm |
| 26:26 | Construir | Farm |
| 26:26 | Construir | Farm |
| 26:26 | Construir | Farm |
| 26:26 | Construir | Farm |
| 26:27 | Construir | Farm |
| 26:27 | Construir | Farm |
| 26:27 | Construir | Farm |
| 26:27 | Construir | Farm |
| 26:44 | Construir | House |
| 27:14 | Construir | Barracks |
| 27:15 | Construir | Barracks |
| 27:19 | Construir | Farm |
| 27:35 | Encolar | Monk |
| 27:35 | Encolar | Monk |
| 27:46 | Construir | Market |
| 28:07 | Construir | House |
| 28:10 | Construir | House |
| 28:26 | Encolar | Villager (Male) |
| 28:27 | Encolar | Villager (Male) ×5 |
| 29:40 | Construir | Lumber Camp |
| 29:45 | Construir | Farm |
| 29:47 | Construir | Farm |
| 29:52 | Investigar | Redemption |
| 30:01 | Construir | Monastery |
| 30:13 | Encolar | Villager (Male) |
| 30:26 | Encolar | Spearman |
Cronología de la partida
| 4:03 | ManyKitten76428 · wall_segment Palisade Wall x6 |
| 5:45 | ManyKitten76428 · wall_segment Palisade Wall x5 |
| 6:22 | ManyKitten76428 · wall_segment Palisade Wall x6 |
| 7:28 | ManyKitten76428 · wall_segment Palisade Wall x3 |
| 7:54 | ManyKitten76428 · wall_segment Palisade Wall x5 |
| 8:47 | ManyKitten76428 · wall_segment Palisade Wall x9 |
| 8:52 | ManyKitten76428 · wall_segment Palisade Wall x5 |
| 9:24 | ManyKitten76428 · first_building Stable |
| 10:43 | LRNI_Thegar · first_building Barracks |
| 11:27 | ManyKitten76428 · wall_segment Palisade Wall x9 |
| 13:56 | LRNI_Thegar · first_building Stable |
| 15:26 | ManyKitten76428 · first_building Archery Range |
| 20:55 | ManyKitten76428 · first_building Barracks |
| 22:51 | ManyKitten76428 · first_building Monastery |
| 24:27 | LRNI_Thegar · first_building Monastery |
| 26:06 | ManyKitten76428 · first_building Siege Workshop |
| 29:53 | ManyKitten76428 · first_building Castle |
| 31:08 | LRNI_Thegar · first_building Castle |
| 32:07 | LRNI_Thegar · resign |
[ ANÁLISIS IA · 1 CRÉDITO ]
¿Qué pasó realmente en esta partida?
Wolo.gg analiza cada decisión: build order, eco, micro, errores típicos por bracket. Análisis personalizado por WhatsApp o Discord en 30 segundos.
Guía civ
Jemeres
Perfil
ManyKitten76428